 Dungeon Crawl Stone Soup version 0.20-a0-526-g753eaab (webtiles) character file.

5472 nubinia the Thaumaturge (level 10, 0/53 HPs)
             Began as a Deep Elf Necromancer on Jan 26, 2017.
             Was an Elder of Sif Muna.
             Slain by a minotaur
             ... wielding a +0 flail of holy wrath
              (21 damage)
             ... in a labyrinth.
             The game lasted 01:10:17 (11099 turns).

nubinia the Thaumaturge (Deep Elf Necromancer)     Turns: 11099, Time: 01:10:18

Health: 0/53       AC:  7    Str:  5    XL:     10   Next: 42%
Magic:  27/28      EV: 15    Int: 22    God:    Sif Muna [****..]
Gold:   464        SH:  0    Dex: 17    Spells: 15/34 levels left

rFire    . . .     SeeInvis .   J - +5 flail (crush)
rCold    + . .     Gourm    .   a - +0 robe
rNeg     . . .     Faith    .   (no shield)
rPois    .         Spirit   .   (no helmet)
rElec    .         Reflect  .   A - +2 cloak {MR+}
rCorr    .         Harm     .   (no gloves)
MR       ++...                  G - +1 pair of boots
Stlth    +++.......             r - amulet of rage
Regen    0.2/turn               (no ring)
                                E - ring of protection from cold

@: repel missiles
A: no striking features
a: Divine Energy, Channel Magic, Forget Spell, Renounce Religion, Evoke Berserk
Rage


You were in a labyrinth.
You worshipped Sif Muna.
Sif Muna was greatly pleased with you.
You were not hungry.

You visited 2 branches of the dungeon, and saw 10 of its levels.
You also visited: Labyrinth.

You collected 629 gold pieces.
You spent 165 gold pieces at shops.

Inventory:

Hand Weapons
 h - a +0 dagger
 j - a +0 hand axe of chopping
 m - a +0 blowgun
 v - a -1 short sword
 F - a +1 hand axe of draining
 J - a +5 flail of crushing (weapon)
Missiles
 D - 49 poisoned needles
Armour
 a - a +0 robe (worn)
 A - a +2 cloak of magic resistance (worn)
 G - a +1 pair of boots (worn)
Jewellery
 d - a +3 ring of strength {unknown}
 r - an amulet of rage (around neck)
 E - a ring of protection from cold (left hand)
 O - an uncursed amulet of guardian spirit {unknown}
Wands
 p - a wand of flame (37/48)
 C - a wand of iceblast (5/15)
 H - a wand of flame (26/48)
 L - a wand of digging (7/24)
 M - a wand of iceblast (7/15)
Scrolls
 f - 5 scrolls of teleportation
 i - a scroll of enchant armour
 o - 2 scrolls of remove curse
 u - 3 scrolls of recharging
 y - 3 scrolls of amnesia
 Q - a scroll of torment {unknown}
Potions
 e - 3 potions of brilliance
 g - a potion of degeneration {unknown}
 k - a potion of agility {unknown}
 n - a potion of resistance
 q - 3 potions of curing
 t - a potion of magic {unknown}
 x - a potion of haste
 z - a potion of mutation
 I - a potion of lignification
 N - a potion of might
 P - a potion of cancellation {unknown}
Books
 b - a book of Necromancy

   Spells                             Type                      Level
   a - Pain                           Necromancy                   1
   b - Animate Skeleton               Necromancy                   1
   c - Vampiric Draining              Necromancy                   3
   d - Regeneration                   Charms/Necromancy            3
   e - Animate Dead                   Necromancy                   4
   f - Control Undead                 Necromancy                   4
 K - a book of Minor Magic

   Spells                             Type                      Level
   a - Magic Dart                     Conjuration                  1
   b - Blink                          Translocation                2
   c - Call Imp                       Summoning                    2
   d - Repel Missiles                 Charms/Air                   2
   e - Slow                           Hexes                        2
   f - Conjure Flame                  Conjuration/Fire             3
   g - Mephitic Cloud                 Conjuration/Poison/Air       3
Comestibles
 c - 6 bread rations
 s - 4 meat rations
 w - 3 royal jellies
 B - 4 fruits


   Skills:
 + Level 1.9 Fighting
 + Level 2.2 Short Blades
 + Level 0.1(0.3) Axes
 - Level 0.4(0.5) Maces & Flails
 + Level 0.4 Throwing
 + Level 5.0 Dodging
 + Level 4.9 Stealth
 * Level 12.5 Spellcasting
 * Level 2.2 Conjurations
 * Level 6.3 Charms
 * Level 11.6 Necromancy
 + Level 0.4 Evocations


You had 15 spell levels left.
You knew the following spells:

 Your Spells              Type           Power        Failure   Level  Hunger
a - Pain                  Necr           ####         1%          1    None
b - Vampiric Draining     Necr           ######....   1%          3    None
c - Control Undead        Necr           ######....   1%          4    None
d - Animate Dead          Necr           N/A          1%          4    None
e - Magic Dart            Conj           ###.         1%          1    None
r - Repel Missiles        Chrm/Air       ####..       1%          2    None
R - Regeneration          Chrm/Necr      ######....   1%          3    None
S - Animate Skeleton      Necr           N/A          1%          1    None


Dungeon Overview and Level Annotations

Branches:
Dungeon (9/15)             Temple (0/1) D:5            Lair (1/6) D:9
    Orc: D:9-12

Altars:
Dithmenos
Fedhas
Gozag
Okawaru
Qazlal
Ru
Sif Muna
Trog
Uskayaw
Vehumet
Yredelemnul
Zin

Shops:
D:4 }**}[   D:6 (*

Annotations:
D:7 exclusion: ice statue
D:9 kae's ghost, novice BaFi


Message History

Unknown command.
Unknown command.
Unknown command.
Casting: Pain
Confirm with . or Enter, or press ? or * to list all spells.
Aiming: Vampiric Draining
Press: ? - help, Shift-Dir - straight line, f - minotaur
Aim: a minotaur, wielding a flail of holy wrath and wearing a scale mail (lightly wounded)
The minotaur is moderately wounded.
You feel life coursing into your body.
The minotaur hits you with a flail of holy wrath.
The minotaur gores you!
Okay, then.
The minotaur hits you with a flail of holy wrath!
* * * LOW HITPOINT WARNING * * *
The minotaur gores you.
* * * LOW HITPOINT WARNING * * *
You feel much better.
The minotaur hits you with a flail of holy wrath!!
You die...

# # # ..# .#
#.###. #.#..
#####.#.####
#.....#.....#
###..........####
#. ..#######H...#
## .# #@.#.#
#....# #..# #
#.##.' #..# #.
..#. #..# # #.# #
#.## # ..# # #..
. #... ...## . ..
. .#. # # # ##


You could see a minotaur.

Vanquished Creatures
  Erica (D:8)
  Pikel (D:8)
  Joseph (D:9)
  Edmund (D:4)
  Duvessa (D:5)
  3 porcupines (D:9)
  A sky beast (D:9)
  A slave (D:9)
  2 orc warriors
  5 black bears (D:9)
  3 ogres
  A crocodile (D:9)
  2 centaurs
  2 big kobolds (D:7)
  Blork the orc (D:5)
  3 bullfrogs
  Dowan (D:5)
  2 scorpions
  4 lava snakes (Lab)
  2 crimson imps
  5 jellies
  A bullfrog zombie (D:7)
  7 orc wizards
  Crazy Yiuf (D:5)
  5 hounds
  3 orc priests
  A centaur skeleton (D:6)
  2 iguanas
  4 worker ants
  2 hound skeletons (D:4)
  A worker ant zombie (D:9)
  9 gnolls
  A howler monkey skeleton (D:8)
  10 adders
  2 shadow imps (D:9)
  An ooze (D:2)
  An adder skeleton (D:4)
  2 adder zombies (D:9)
  A dart slug (D:2)
  5 leopard geckos
  19 orcs
  5 giant cockroaches
  6 goblins
  11 hobgoblins
  14 kobolds
  A quokka (D:3)
  6 bats
  6 frilled lizards
  A quokka zombie (D:6)
  6 rats
177 creatures vanquished.

Vanquished Creatures (collateral kills)
  Grinder (D:5)
  A steam dragon (D:8)
  A centaur (D:8)
  A bullfrog (D:8)
  A crimson imp (D:6)
  A howler monkey (D:7)
  A bullfrog zombie (D:8)
  2 jellies
  An orc wizard (D:6)
  An orc priest (D:6)
  2 centaur skeletons (D:5)
  A hound (D:8)
  A worker ant (D:8)
  3 gnolls (D:8)
  2 adders
  A shadow imp (D:7)
  An ooze (D:3)
  2 dart slugs
  A leopard gecko (D:4)
  7 orcs
  A bat (D:1)
  A giant cockroach (D:2)
  A hobgoblin (D:2)
  A frilled lizard (D:2)
  A spectral orc (D:6)
37 creatures vanquished.

Vanquished Creatures (others)
  A slave (D:9)
  A centaur skeleton (D:9)
  A gnoll shaman (D:8)
  19 fungi (D:9)
  4 plants (D:9)
26 creatures vanquished.

Grand Total: 240 creatures vanquished

Notes
Turn   | Place    | Note
-------+----------+-------------------------------------------
     0 | D:1      | nubinia the Deep Elf Necromancer began the quest for the Orb.
     0 | D:1      | Reached XP level 1. HP: 10/10 MP: 6/6
   175 | D:1      | Learned a level 1 spell: Animate Skeleton
   201 | D:1      | Reached skill level 5 in Necromancy
   397 | D:1      | Reached XP level 2. HP: 13/15 MP: 5/8
  1254 | D:2      | Reached XP level 3. HP: 17/19 MP: 6/10
  1259 | D:2      | Learned a level 3 spell: Vampiric Draining
  1378 | D:2      | Found a radiant altar of Vehumet.
  1745 | D:2      | Reached XP level 4. HP: 15/24 MP: 6/11
  1916 | D:2      | Reached skill level 4 in Spellcasting
  2747 | D:3      | Learned a level 4 spell: Control Undead
  2938 | D:3      | Reached XP level 5. HP: 26/28 MP: 9/13
  2947 | D:3      | Learned a level 3 spell: Regeneration
  3145 | D:4      | Found an iron altar of Okawaru.
  3190 | D:4      | Found a glowing silver altar of Zin.
  3230 | D:4      | Reached skill level 5 in Spellcasting
  3491 | D:4      | Found Deika Ase's General Store.
  3494 | D:4      | Bought a +1 cloak of magic resistance for 165 gold pieces
  3548 | D:4      | Noticed an ogre
  3556 | D:4      | Killed an ogre
  3556 | D:4      | Reached XP level 6. HP: 21/32 MP: 4/16
  3695 | D:4      | Found Ysumooff's Gadget Shoppe.
  3736 | D:4      | Noticed Edmund
  3853 | D:4      | Found Paamacota's Armour Shoppe.
  3947 | D:4      | Found Kihif's Gadget Shoppe.
  3970 | D:4      | Found Japse's Assorted Antiques.
  4102 | D:4      | Reached skill level 6 in Spellcasting
  4241 | D:4      | Reached skill level 1 in Short Blades
  4249 | D:4      | Learned a level 4 spell: Animate Dead
  4382 | D:5      | Entered Level 5 of the Dungeon
  4412 | D:5      | Noticed Blork the orc
  4528 | D:5      | Found a sacrificial altar of Ru.
  4602 | D:5      | Found a runed door.
  4637 | D:5      | Noticed Dowan
  4803 | D:5      | Noticed Grinder
  5172 | D:5      | Reached XP level 7. HP: 24/37 MP: 5/18
  5429 | D:5      | Noticed Crazy Yiuf
  5437 | D:5      | Killed Crazy Yiuf
  5524 | D:6      | Reached skill level 7 in Spellcasting
  5538 | D:6      | Found a shadowy altar of Dithmenos.
  5661 | D:6      | Reached skill level 1 in Fighting
  5825 | D:6      | Found Shepkoa's Superlative Supplies.
  5963 | D:6      | Found a deep blue altar of Sif Muna.
  5971 | D:6      | Became a worshipper of Sif Muna the Loreminder
  6224 | D:6      | Reached skill level 1 in Charms
  6335 | D:6      | Found a basalt altar of Yredelemnul.
  6463 | D:5      | Paralysed by Grinder for 3 turns
  6598 | D:6      | Found Ziaqoh's Weapon Shop.
  6645 | D:6      | Reached XP level 8. HP: 32/43 MP: 14/21
  6649 | D:6      | Reached skill level 8 in Spellcasting
  7141 | D:7      | Found a stormy altar of Qazlal.
  7142 | D:7      | Found a deep blue altar of Sif Muna.
  7579 | D:7      | Reached * piety under Sif Muna
  7634 | D:7      | Found a bloodstained altar of Trog.
  7703 | D:7      | Noticed an ice statue
  7743 | D:7      | Reached skill level 9 in Spellcasting
  8038 | D:4      | Killed Edmund
  8141 | D:5      | Killed Blork the orc
  8188 | D:5      | Paralysed by Grinder for 2 turns
  8216 | D:5      | Killed Grinder
  8241 | D:5      | Found a staircase to the Ecumenical Temple.
  8243 | D:5      | Noticed Duvessa
  8340 | D:5      | Killed Duvessa
  8340 | D:5      | Reached skill level 10 in Spellcasting
  8340 | D:5      | Reached XP level 9. HP: 28/47 MP: 2/25
  8345 | D:5      | Killed Dowan
  8416 | D:5      | Found a hide-covered altar of Uskayaw.
  8417 | D:5      | Found an opulent altar of Gozag.
  8931 | D:8      | Reached ** piety under Sif Muna
  8965 | D:8      | Reached skill level 10 in Necromancy
  8996 | D:8      | Noticed Erica
  9071 | D:8      | Killed Erica
  9071 | D:8      | Reached skill level 11 in Spellcasting
  9134 | D:8      | Reached skill level 5 in Charms
  9363 | D:8      | Learned a level 2 spell: Repel Missiles
  9389 | D:8      | Learned a level 1 spell: Magic Dart
  9438 | D:9      | Noticed kae's ghost (novice BaFi)
  9666 | D:9      | Found a staircase to the Lair.
  9683 | D:9      | Reached *** piety under Sif Muna
  9688 | D:9      | Reached XP level 10. HP: 36/53 MP: 9/27
  9956 | D:9      | Reached skill level 1 in Conjurations
  9974 | D:9      | Reached skill level 12 in Spellcasting
 10118 | D:9      | Noticed Pikel
 10148 | D:9      | Noticed Joseph
 10173 | D:8      | Killed Pikel
 10173 | D:8      | Reached skill level 5 in Dodging
 10429 | D:9      | Killed Joseph
 10508 | D:9      | Found a blossoming altar of Fedhas.
 10756 | Lair:1   | Entered Level 1 of the Lair of Beasts
 10806 | Lair:1   | Found a labyrinth entrance.
 10813 | Lab      | Entered a labyrinth
 10862 | Lab      | Found an exit through the horrors of the Abyss.
 10944 | Lab      | Reached **** piety under Sif Muna
 10968 | Lab      | Noticed a minotaur
 11099 | Lab      | Slain by a minotaur

Vault maps used:
D:1:      dpeg_arrival_simpleton_a
D:2:      vehumet_crystals, minmay_misc_feat_nine_boxes, minmay_bisected
D:4:      overflow_temple_1_default, okawaru_trees_1, serial_shops,
          nicolae_shop_statue_plus, nicolae_shop_trees, shop_statue, shop,
          nicolae_shop_temple_entry_statues_fountains, first_bread, uniq_edmund
D:5:      gammafunk_temple_overflow_statue, overflow_temple_1_default,
          temple_fountains, uniq_blork_the_orc, uniq_grinder, uniq_duvessa,
          uniq_crazy_yiuf_cottage
D:6:      grunt_dithmenos_smoke, yredelemnul_forgotten_temple_becter,
          serial_shops, shop, serial_corexii_hall, corexii_hall_statues_i,
          corexii_hall_statues_s, basic_altar, nicolae_alphabet_shops,
          minmay_crystal_room
D:7:      lemuel_ice_statue, nicolae_overflow_crystal_walls,
          gammafunk_temple_overflow_pools
D:8:      uniq_erica
D:9:      minmay_distorted_concentric_squares, fedhas_altar_3,
          due_lair_maze_entry_diamond, uniq_joseph, uniq_pikel
Lair:1:   lab_entry_generic, minmay_lair_oklob_chamber, lemuel_fruit_fields,
          grunt_megastairs_3, lemuel_fruit_tree
Lab:      labyrinth_watery, nicolae_lab_do_over, nicolae_lab_plus,
          nicolae_lab_checkerboard, labyrinth_lava_lair,
          labyrinth_skeletal_remains, labyrinth_fake_exit

Skill      XL: |  1  2  3  4  5  6  7  8  9 10 |
---------------+-------------------------------+-----
Necromancy     | 5 6 7 8 9 11 | 11.6
Stealth        | 3 4 |  4.9
Spellcasting   | 4 5 6 7 10 11 12 | 12.5
Dodging        | 3 4 5 |  5.0
Short Blades   | 1 2 |  2.2
Fighting       | 1 |  1.9
Charms         | 1 3 5 6 |  6.3
Conjurations   | 2 |  2.2
Axes           | |  0.1
Maces & Flails | |  0.4
Throwing       | |  0.4
Evocations     | |  0.4

Action                   |  1- 3 |  4- 6 |  7- 9 | 10-12 || total
-------------------------+-------+-------+-------+-------++-------
Melee: Dagger            |    51 |   119 |   236 |       ||   406
       Flail             |       |       |    98 |    68 ||   166
       Hand axe          |       |       |     5 |       ||     5
 Fire: Blowgun           |       |       |     1 |       ||     1
 Cast: Pain              |    39 |    74 |    81 |    22 ||   216
       Animate Skeleton  |    18 |    23 |    10 |     2 ||    53
       Vampiric Draining |     4 |    11 |    56 |    27 ||    98
       Animate Dead      |       |     4 |    21 |     6 ||    31
       Regeneration      |       |       |    11 |     1 ||    12
       Control Undead    |       |       |     3 |     1 ||     4
       Repel Missiles    |       |       |     1 |       ||     1
Evoke: Wand              |       |     2 |       |       ||     2
  Use: Scroll            |     2 |     6 |    10 |     2 ||    20
       Potion            |       |       |     3 |     2 ||     5
 Stab: Sleeping          |     6 |     5 |     7 |     1 ||    19
       Distracted        |       |       |     1 |       ||     1
  Eat: Chunk             |     3 |    13 |    15 |     5 ||    36
       Fruit             |       |       |     1 |       ||     1
       Royal jelly       |       |       |       |     1 ||     1
Armor: Robe              |    10 |    30 |    81 |    18 ||   139
Dodge: Dodged            |    37 |    84 |   266 |    89 ||   476
       Deflected         |       |       |       |     1 ||     1
